 Dungeon Crawl Stone Soup version 0.30.1-3-gfc49f6343a (webtiles) character file.

Game seed: 9485009218537688072

40 cdecastro the Caller (level 3, 0/24 HPs)
             Began as a Merfolk Summoner on Aug 2, 2023.
             Slain by a hobgoblin
             ... wielding a +0 short sword
              (2 damage)
             ... on level 2 of the Dungeon.
             The game lasted 00:02:39 (1337 turns).

cdecastro the Caller (Merfolk Summoner)             Turns: 1337, Time: 00:02:40

Health: 0/24       AC:  2    Str:  8    XL:     3   Next: 50%
Magic:  5/6        EV: 12    Int: 16    God:
Gold:   32         SH:  0    Dex: 14    Spells: 5/6 levels left

rFire   . . .        c - +0 short sword
rCold   . . .        (no shield)
rNeg    . . .        a - +0 robe
rPois   .            (no helmet)
rElec   .            (no cloak)
rCorr   .            (no gloves)
SInv    .            (no boots)
Will    .....        (no amulet)
Stlth   ++           (no ring)
HPRegen 0.24/turn    (no ring)
MPRegen 0.10/turn

%: no passive effects
@: no status effects
A: (nimble swimmer 2), mertail
a: no special abilities


You were on level 2 of the Dungeon.
You visited 1 branch of the dungeon, and saw 2 of its levels.

You collected 32 gold pieces.

Inventory:

Hand Weapons
 c - a +0 short sword (weapon)
 h - a +0 spear
Armour
 a - a +0 robe (worn)
Scrolls
 e - a scroll of amnesia {unknown}
 g - a scroll of noise {unknown}
 i - a scroll of enchant armour {unknown}
 k - 2 scrolls of fog {unknown}
 l - a scroll of magic mapping {unknown}
 m - a scroll of torment {unknown}
 p - a scroll of identify {unknown}
Potions
 b - a potion of magic
 d - a potion of heal wounds {unknown}
 f - 2 potions of curing {unknown}
 j - 2 potions of haste {unknown}
 n - a potion of brilliance {unknown}
 o - a potion of attraction {unknown}
 q - a potion of degeneration {unknown}


   Skills:
 - Level 2.6 Dodging
 - Level 2.1 Stealth
 - Level 2.0 Spellcasting
 + Level 5.2 Summonings


You had 5 spell levels left.
You knew the following spells:

 Your Spells              Type           Power      Damage    Failure   Level
a - Summon Small Mammal   Summ           72%        N/A       2%          1

Your spell library contained the following spells:

 Spells                   Type           Power      Damage    Failure   Level
 Call Imp                 Summ           36%        N/A       3%          2
 Call Canine Familiar     Summ           18%        N/A       8%          3
 Freeze                   Ice            4%         1d3       21%         1
 Summon Guardian Golem    Hex/Summ       9%         N/A       22%         3
 Frozen Ramparts          Ice            2%         1d1       52%         3
 Hailstorm                Conj/Ice       1%         3d3       52%         3
 Summon Lightning Spire   Summ/Air       9%         N/A       56%         4


Dungeon Overview and Level Annotations

Branches:
Dungeon (2/15)

Altars:

Annotations:
D:2 Robin


Innate Abilities, Weirdness & Mutations

((You are very nimble when in or above water. (Stealth+, EV+, Speed+++)))
Your lower body shifts to a powerful aquatic tail in water.


Message History

You hit the hobgoblin but do no damage.
The hobgoblin is heavily wounded.
Your bat hits the hobgoblin but does no damage.
The jackal barely misses you.
Your quokka closely misses the hobgoblin.
The hobgoblin hits you with a +0 short sword.
* * * LOW HITPOINT WARNING * * *
Your bat barely misses the jackal.
You closely miss the hobgoblin.
The hobgoblin is heavily wounded.
Your bat hits the hobgoblin but does no damage.
The jackal bites you.
* * * LOW HITPOINT WARNING * * *
Your quokka closely misses the hobgoblin.
The hobgoblin misses you. The jackal misses you.
You swap places.
Your bat completely misses the hobgoblin.
Your quokka closely misses the hobgoblin.
The hobgoblin hits your quokka with a +0 short sword.
Your quokka dies!
Your quokka's corpse disappears in a puff of smoke!
Unknown command.
You closely miss the jackal. Your bat hits the jackal.
The jackal bites you but does no damage.
The jackal completely misses you.
Unknown command.
You closely miss the jackal.
The jackal is moderately wounded.
Your bat barely misses the hobgoblin.
The jackal bites you but does no damage.
The hobgoblin hits you with a +0 short sword.
* * * LOW HITPOINT WARNING * * *
Unknown command.
You are too injured to fight recklessly!
Unknown command.
You barely miss the hobgoblin.
The hobgoblin is heavily wounded.
The jackal closely misses you.
The hobgoblin hits you with a +0 short sword.
You die...

################.##.#####.#
#.##.#####.# #.##.......#
#.########## ##.###########
#........##.. #b.#####.##.#
#.....##.##.####
#######g@.......)....#
#......h....##.##.##.#
#.####.....###.##.##.# ..
##........##.##.###. #.#
##.########........ .. #.#
####.#### h #.# #.# #'# #.#
>.. #.###


You could see a jackal, a hobgoblin (ally target) and a friendly bat (summoned).

Vanquished Creatures
  A worm (D:2)
  A ball python (D:1)
  4 endoplasms
  3 goblins (D:2)
  A hobgoblin (D:1)
  A bat (D:2)
  A frilled lizard (D:1)
  5 rats
17 creatures vanquished.

Vanquished Creatures (collateral kills)
  A worm (D:2)
  2 endoplasms (D:1)
  2 goblins (D:2)
  3 hobgoblins
  2 kobolds
  4 ball pythons
  A bat (D:2)
  A rat (D:2)
16 creatures vanquished.

Grand Total: 33 creatures vanquished

Notes
Turn   | Place    | Note
-------+----------+-------------------------------------------
     0 | D:1      | cdecastro the Merfolk Summoner began the quest for the Orb.
     0 | D:1      | Reached XP level 1. HP: 13/13 MP: 3/3
    47 | D:1      | You fall into a shaft and drop 1 floor!
   289 | D:1      | Reached XP level 2. HP: 15/19 MP: 1/5
   864 | D:2      | Reached XP level 3. HP: 24/24 MP: 3/6
   955 | D:2      | Reached skill level 5 in Summonings
  1086 | D:2      | Noticed Robin
  1336 | D:2      | HP: 1/24 [hobgoblin/+0 short sword (3)]
  1337 | D:2      | Slain by a hobgoblin

Illustrated notes

Levels and vault maps discovered:
D:1:      grunt_arrival_crossed_arrows, layout_basic
D:2:      layout_loops_corners, uniq_natasha, uniq_robin

Skill      XL: |  1  2  3 |
---------------+----------+-----
Summonings     | 5 |  5.2
Dodging        | |  2.6
Stealth        | |  2.1
Spellcasting   | |  2.0

Action                     || total
---------------------------++-------
  Melee: Short sword       ||    70
         Unarmed           ||     2
   Cast: Summon Small Mamm ||    40
   Stab: Sleeping          ||     2
         Distracted        ||     1
 Armour: Robe              ||    19
  Dodge: Dodged            ||    60
